 Dungeon Crawl Stone Soup version 0.31.0-1-g2c135a008e (webtiles) character file.

Game seed: 2705338083921237253

39 qw the Shooter (level 3, 0/29 HPs)
             Began as a Djinni Hunter on Jan 23, 2024.
             Slain by Terence
             ... wielding a +2 mace of protection
              (5 damage)
             ... on level 2 of the Dungeon.
             The game lasted 00:00:04 (928 turns).

qw the Shooter (Djinni Hunter)                       Turns: 928, Time: 00:00:05

Health: 0/29       AC:  3    Str: 10    XL:     3   Next: 67%
Gold:   46         EV: 12    Int: 10    God:
                   SH:  0    Dex: 18

rFire   + + .        a - +0 shortbow
rCold   x . .        (shield currently unavailable)
rNeg    . . .        c - +0 leather armour
rPois   inf          (no helmet)
rElec   .            (no cloak)
rCorr   .            (no gloves)
SInv    .            (boots unavailable)
Will    .....        (no amulet)
Stlth   ++           (no ring)
HPRegen 0.24/turn    (no ring)
MPRegen 0.00/turn

%: infuse magic (-1 HP)
@: flying
A: sickness immunity, fire resistance 2, cold vulnerability 1, float, innate
caster, HP casting, extra vitality 1
a: no special abilities


You were on level 2 of the Dungeon.
You visited 1 branch of the dungeon, and saw 2 of its levels.

You collected 46 gold pieces.


Innate Abilities, Weirdness & Mutations

You are immune to sickness and miasma.
You are immune to poison.
Your flesh is very heat resistant. (rF++)
You are vulnerable to cold. (rC-)
You float through the air rather than walking.
You learn spells naturally, not from books.
Your magical power is your life essence.
You have superior vitality. (+4 MHP)


   Skills:
 + Level 2.6 Fighting
 - Level 4.0 Ranged Weapons
 - Level 2.1 Dodging
 - Level 0.7 Stealth


You knew the following spells:

 Your Spells              Type           Power      Damage    Failure   Level
a - Apportation           Tloc           0%         N/A       45%         1
Your spell library was empty.

Inventory:

Hand Weapons
 a - a +0 shortbow (weapon)
Armour
 c - a +0 leather armour (worn)
Potions
 e - a potion of heal wounds {unknown}

Dungeon Overview and Level Annotations

Branches:
Dungeon (2/15)

Altars:

Shops:
D:1 *

Annotations:
D:2 Terence


Message History

You shoot an arrow. The arrow hits the rat.
You kill the rat!
You now have 26 gold pieces (gained 6).
Found a stone staircase leading up.
Enter note: You now have 37 gold pieces (gained 11).
Found a stone staircase leading down.
You now have 46 gold pieces (gained 9).
Terence the Incautious comes into view.
He is wielding a +2 mace of protection.
Found a spear.
Terence moves out of view.
Found an escape hatch in the ceiling.
Found an escape hatch in the floor.
Terence shouts!
You shoot an arrow. The arrow barely misses Terence.
You shoot an arrow. The arrow hits Terence!
Terence is moderately wounded.
You shoot an arrow.
The arrow hits Terence but does no damage.
Terence is moderately wounded.
Terence hits you with a +2 mace of protection!
You shoot an arrow.
The arrow hits Terence but does no damage.
Terence is moderately wounded.
Terence hits you with a +2 mace of protection!
You shoot an arrow. The arrow hits Terence.
Terence is severely wounded.
Terence closely misses you. Terence barely misses you.
You shoot an arrow. The arrow closely misses Terence.
Terence hits you with a +2 mace of protection.
You shoot an arrow.
The arrow hits Terence but does no damage.
Terence is severely wounded.
Terence asks, "Do you want it fast or slow?"
Terence barely misses you.
You shoot an arrow. The arrow completely misses Terence.
Terence hits you but does no damage.
You shoot an arrow. The arrow closely misses Terence.
Terence hits you with a +2 mace of protection.
You die...
Terence says, "Time to find some more victims."

### #.# #####.# #.....#
#####.....#### #
#>...........# .###
##+##......##.# .....
#..........##.####......
#...............@.....<.
#...........#...@.......
#.........<.........)...
#..........##.####.....>
#.............#
#........
#..........####
#......... #..........#
#.......... #..........#
#.......... #......)...#
#..........


You could see Terence.

Vanquished Creatures
  2 ball pythons (D:1)
  5 endoplasms
  3 giant cockroaches
  A goblin (D:1)
  2 hobgoblins (D:1)
  7 jackals (D:1)
  A quokka (D:1)
  3 bats (D:1)
  4 frilled lizards (D:1)
  5 kobolds
  2 rats
35 creatures vanquished.

Notes
Turn   | Place    | Note
-------+----------+-------------------------------------------
     0 | D:1      | qw the Djinni Hunter began the quest for the Orb.
     0 | D:1      | Reached XP level 1. HP: 18/18 MP: 0/0
     0 | D:1      | 0 ||| qw: Version: 0.3-a-136-gdd3b4e8
     0 | D:1      | 0 ||| qw: Game counter: 1130
     0 | D:1      | 0 ||| qw: Melee chars always use a shield: true
     0 | D:1      | 0 ||| qw: God list: Okawaru
     0 | D:1      | 0 ||| qw: Allow faded altars: false
     0 | D:1      | 0 ||| qw: Do Orc after clearing Dungeon:15 true
     0 | D:1      | 0 ||| qw: Do second Lair branch before Depths: true
     0 | D:1      | 0 ||| qw: Lair rune preference: random
     0 | D:1      | 0 ||| qw: Goals: Normal
     0 | D:1      | 0 ||| PLANNING D:1-11
    69 | D:1      | Found Pauckeuc's General Store.
    75 | D:1      | 75 ||| SHOPLISTING +0 orcbow of freezing (99 gold, have 4).
    75 | D:1      | 75 ||| SHOPLISTING potion of might (48 gold, have 4).
    75 | D:1      | 75 ||| SHOPLISTING scroll of enchant armour (90 gold, have
                  | 4).
   208 | D:1      | Reached XP level 2. HP: 23/23 MP: 0/0
   243 | D:1      | Found a faded altar of an unknown god.
   304 | D:1      | 304 ||| RETREEEEATING.
   305 | D:1      | 305 ||| RETREEEEATING.
   306 | D:1      | 306 ||| RETREEEEATING.
   313 | D:1      | Reached skill level 4 in Ranged Weapons
   313 | D:1      | Reached XP level 3. HP: 25/28 MP: 0/0
   313 | D:1      | Learned a level 1 spell: Apportation
   691 | D:1      | 691 ||| DROPPING scarf of harm.
   692 | D:1      | 692 ||| READING scroll labelled OSYMUI ACAOC.
   695 | D:1      | 695 ||| READING scroll labelled XALEUW WUVEMASH.
   696 | D:1      | 696 ||| READING scroll labelled HEEXIA CIMMORO.
   797 | D:1      | 797 ||| READING scroll labelled YGREUJINOUNT.
   797 | D:1      | 797 ||| ENCHANTING +0 shortbow.
   798 | D:1      | 798 ||| DROPPING scroll of butterflies.
   916 | D:2      | Noticed Terence
   925 | D:2      | HP: 5/29 [Terence/+2 mace of protection (4)]
   928 | D:2      | Slain by Terence

Levels and vault maps discovered:
D:1:      dpeg_arrival_leaves_temple_mockup, layout_basic,
          basic_ecumenical_altar, serial_shops, nicolae_shop_rolling_square
D:2:      layout_basic, basic_altar, uniq_jessica, uniq_terence

Skill      XL: |  1  2 |
---------------+-------+-----
Ranged Weapons | 4 |  4.0
Fighting       | |  2.6
Dodging        | |  2.1
Stealth        | |  0.7

Action                     || total
---------------------------++-------
   Fire: Shortbow          ||   116
    Use: Scroll            ||     4
 Armour: Leather armour    ||    36
  Dodge: Dodged            ||    64

Table legend:
 A = Non-vault XP
 B = Vault XP
 C = Vault XP percentage of total XP
 D = Non-vault monster count
 E = Vault monster count
 F = Vault count percentage of total count
                 A         B        C        D         E       F
            +---------+---------+-------+---------+---------+-------
      Total |      56 |       0 |   0.0 |      35 |       0 |   0.0
            +---------+---------+-------+---------+---------+-------
        D:1 |      50 |       0 |   0.0 |      31 |       0 |   0.0
        D:2 |       6 |       0 |   0.0 |       4 |       0 |   0.0
            +---------+---------+-------+---------+---------+-------
